 Dungeon Crawl Stone Soup version 0.29.1-1-gd02db6906a (webtiles) character file.

Game seed: 7704605913810354301

0 RogueRain17 the Insei (level 1, -2/22 HPs)
             Began as a Demigod Transmuter on Sept 27, 2022.
             Frozen to death by an endoplasm (3 damage)
             ... on level 1 of the Dungeon.
             The game lasted 00:00:33 (42 turns).

RogueRain17 the Insei (Demigod Transmuter)            Turns: 42, Time: 00:00:34

Health: -2/22      AC: 20    Str: 11    XL:     1   Next: 6%
Magic:  4/5        EV: -1    Int: 15    God:
Gold:   0          SH:  0    Dex: 14    Spells: 2/3 levels left

rFire   . . .      SeeInvis .     - Unarmed
rCold   . . .      Faith    .   (no shield)
rNeg    . . .      Spirit   .   (body armour currently unavailable)
rPois   +          Reflect  .   (helmet currently unavailable)
rElec   .          Harm     .   (cloak currently unavailable)
rCorr   .          Rampage  .   (gloves currently unavailable)
Will    .....      NoTele   +   (boots currently unavailable)
Stlth   +.........              (no amulet)
HPRegen 0.07/turn               (no ring)
MPRegen 0.09/turn               (no ring)

@: tree-form, constricted
A: stationary, stasis, torment immunity, boosted hp, high MP 1, forlorn, divine
attributes
a: no special abilities


You were on level 1 of the Dungeon.
You were a tree.
You visited 1 branch of the dungeon, and saw 1 of its levels.

Inventory:

Armour
 a - a +0 robe (melded)


   Skills:
 - Level 0.8 Fighting
 - Level 1.7 Dodging
 + Level 2.7 Unarmed Combat
 - Level 1.7 Spellcasting
 + Level 1.8 Transmutations


You had 2 spell levels left.
You knew the following spells:

 Your Spells              Type           Power      Damage    Failure   Level
a - Beastly Appendage     Tmut           12%        N/A       11%         1

Your spell library contained the following spells:

 Spells                   Type           Power      Damage    Failure   Level
 Wereblood                Tmut           6%         N/A       16%         2
 Spider Form              Tmut/Pois      4%         N/A       43%         3
 Ice Form                 Ice/Tmut       4%         N/A       83%         4


Dungeon Overview and Level Annotations

Branches:
Dungeon (1/15)


Innate Abilities, Weirdness & Mutations

You are a tree.
Your roots penetrate the ground, keeping you stationary.
You cannot be teleported.
You are immune to unholy pain and torment.
Your maximum health is greatly increased.
Your equipment is partially melded.
You have an increased reservoir of magic. (+10% MP)
You shall have no god before yourself.
Your divine heritage dramatically boosts your attributes as you level up.


Message History

You are frozen.
The ball python bites you but does no damage.
The ball python closely misses you.
You hit the ball python.
The ball python is moderately wounded.
The endoplasm hits you. The ball python bites you. The ball python grabs you.
The ball python constricts you.
You barely miss the ball python.
The ball python is moderately wounded.
The endoplasm hits you. The ball python closely misses you.
The ball python constricts you.
You are too injured to fight recklessly!
You are too injured to fight recklessly!
You are too injured to fight recklessly!
You are too injured to fight recklessly!
You hit the ball python.
The ball python is heavily wounded.
Your transformation is almost over.
The endoplasm freezes you.
You are frozen.
* * * LOW HITPOINT WARNING * * *
The ball python bites you but does no damage.
The ball python constricts you.
* * * LOW HITPOINT WARNING * * *
You closely miss the ball python. Your headbutt misses the ball python.
The ball python is heavily wounded.
The ball python barely misses you. The ball python constricts you.
The endoplasm freezes you.
You are frozen.
* * * LOW HITPOINT WARNING * * *
Unknown command.
Really quaff the potion of lignification?
Your horns disappear.
Your talons disappear.
You turn into a tree.
Your +0 robe melds into your body.
Your roots penetrate the ground.
The ball python bites you but does no damage.
The ball python constricts you. The endoplasm freezes you.
You are frozen.
You die...

....... ##...#
....... #......
....... .........
..... .>........
.... .........##r.#
.......#.#SJ#
#.........♣#
.........##
#####......#
##≈~~##..#..#
##≈~P≈≈##....#
##≈~~.~~≈##.#.#
#≈~P.8.P≈≈#.#..#
..#≈~.....~≈#.#...#
..8~.......~8.#...#


You could see an endoplasm, a quokka and a ball python.

Vanquished Creatures
  A rat (D:1)
1 creature vanquished.

Notes
Turn   | Place    | Note
-------+----------+-------------------------------------------
     0 | D:1      | RogueRain17 the Demigod Transmuter began the quest for the
                  | Orb.
     0 | D:1      | Reached XP level 1. HP: 15/15 MP: 5/5
    42 | D:1      | Frozen to death by an endoplasm

Illustrated notes

Levels and vault maps discovered:
D:1:      lightli_arrival_statuegarden, layout_rooms

Action                   || total
-------------------------++-------
Melee: Unarmed           ||     5
 Cast: Beastly Appendage ||     3
  Use: Potion            ||     1
Armor: Robe              ||     2
       Skin              ||     1
Dodge: Dodged            ||     4
